 Dungeon Crawl Stone Soup version 0.31-a0-214-gb37851dbb3 (webtiles) character file.

Game seed: 17428880629988357658

48611 qw the Severer (level 14, -13/91 HPs)
             Began as a Gargoyle Fighter on July 1, 2023.
             Was an Elder of Okawaru.
             Mangled by a dire elephant (19 damage)
             ... on level 5 of the Lair of Beasts.
             The game lasted 00:33:05 (26648 turns).

qw the Severer (Gargoyle Fighter)                  Turns: 26648, Time: 00:33:05

Health: -13/91     AC: 35    Str: 24    XL:     14   Next: 47%
Magic:  21/21      EV:  9    Int: 10    God:    Okawaru [****..]
Gold:   696        SH:  6    Dex:  9    Spells: 13/13 levels left

rFire   . . .        Y - +0 war axe (drain)
rCold   . . .        c - +0 buckler
rNeg    + + +        o - +0 plate armour
rPois   inf          u - +0 helmet
rElec   +            (no cloak)
rCorr   .            f - +1 pair of gloves
SInv    .            j - +2 pair of boots
Will    ++...        e - amulet of the Zealous Sultana {Faith Will+} Stlth
                     r - ring of positive energy
HPRegen 0.35/turn    b - ring of positive energy
MPRegen 0.17/turn

%: faith
@: heroic, flying
A: sickness immunity, AC +10, big wings, negative energy resistance 1,
electricity resistance, torment resistance 1, petrification resistance
a: Renounce Religion, Heroism, Finesse


You were on level 5 of the Lair of Beasts.
You worshipped Okawaru.
Okawaru was greatly pleased with you.
You visited 3 branches of the dungeon, and saw 16 of its levels.

You collected 1249 gold pieces.
You spent 553 gold pieces at shops.


Innate Abilities, Weirdness & Mutations

You are immune to sickness and miasma.
Your stone body is resilient. (AC +10)
You are immune to poison.
Your large and strong wings let you fly.
You resist negative energy. (rN+)
You are resistant to electric shocks. (rElec)
You are resistant to unholy torment.
You are immune to petrification.


   Skills:
 + Level 11.9(16.9) Fighting
 - Level 15.0(20.0) Axes
 - Level 6.0(11.0) Throwing
 - Level 11.0(16.0) Armour
 - Level 2.4(7.4) Dodging
 - Level 7.0(12.0) Shields
 - Level 10.0 Invocations


You had 13 spell levels left.
You didn't know any spells.
Your spell library was empty.

Inventory:

Hand Weapons
 n - a +1 war axe
 s - a +0 morningstar
 Y - a +0 war axe of draining (weapon)
Missiles
 g - 9 boomerangs
 w - a javelin
 x - 3 silver javelins (quivered)
Armour
 c - a +0 buckler (worn)
 f - a +1 pair of gloves (worn)
 j - a +2 pair of boots (worn)
 o - a +0 plate armour (worn)
 u - a +0 helmet (worn)
Jewellery
 b - a ring of positive energy (right hand)
 e - the amulet of the Zealous Sultana (around neck) {Faith Will+}
   (You found it on level 3 of the Lair of Beasts)

   [amulet of faith]

   It allows you to gain divine favour quickly.
   Will:      It increases your willpower.
 q - an amulet of reflection
 r - a ring of positive energy (left hand)
 t - a ring of fire
Wands
 v - a wand of digging (5)
Scrolls
 a - 7 scrolls of identify
Potions
 d - a potion of might
 h - 3 potions of lignification
 i - a potion of cancellation
 k - 6 potions of curing
 l - 3 potions of enlightenment
 m - 4 potions of mutation
 p - 2 potions of haste
 z - a potion of attraction

Dungeon Overview and Level Annotations

Branches:
Dungeon (10/15)            Temple (1/1) D:4            Lair (5/5) D:10
  Swamp (0/4) Lair:3       Spider (0/4) Lair:2        Slime (0/5) Lair:5
    Orc (0/2) D:10

Altars:
Ashenzari
Cheibriados
Dithmenos
Elyvilon
Fedhas
Gozag
Hepliaklqana
Kikubaaqudgha
Makhleb
Nemelex Xobeh
Okawaru
Qazlal
Ru
Sif Muna
Trog
Uskayaw
Vehumet
Wu Jian
Xom
Yredelemnul
Zin
The Shining One
Jiyva

Shops:
D:3 !   D:6 *   D:8 ==   D:10 (

Annotations:
D:6 1 runed translucent door, qw's ghost, novice DEHu
Lair:1 3 runed translucent doors, qw's ghost, journeyman DEHu; qw's ghost, journeyman GrFi


Message History

The dire elephant tramples you but does no damage.
The dire elephant completely misses you.
You slash the death yak!
The death yak is severely wounded.
You hit the dire elephant. You hit the death yak. You drain the death yak.
The death yak is almost dead.
You hit the dire elephant but do no damage.
You drain the dire elephant.
The death yak gores you but does no damage.
The dire elephant tramples you but does no damage.
The dire elephant trunk-slaps you but does no damage.
You slice the death yak!!
You kill the death yak!
Okawaru accepts your kill.
You hit the dire elephant. The dire elephant tramples you!
You are shoved backwards!
You slash the dire elephant!
The dire elephant is moderately wounded.
The dire elephant tramples you but does no damage.
You block the dire elephant's attack.
You hit the dire elephant but do no damage.
The dire elephant is moderately wounded.
You hit the dire elephant. You drain the dire elephant.
The dire elephant is moderately wounded.
You block the dire elephant's attack. The dire elephant closely misses you.
You hit the dire elephant.
The dire elephant is moderately wounded.
You block the dire elephant's attack.
The dire elephant trunk-slaps you but does no damage.
You hit the dire elephant but do no damage.
The dire elephant is moderately wounded.
You slash the dire elephant!
The dire elephant is heavily wounded.
The dire elephant tramples you but does no damage.
The dire elephant trunk-slaps you but does no damage.
You hit the dire elephant but do no damage.
The dire elephant is heavily wounded.
The dire elephant tramples you!!
You die...

#...#
#..##
##..#
#...#
#...#
#.P.#
#7..#
#..##
##@.#
##Y#
#%%.%.#
P...(##
#.P.....
##...####
#.### ###


You could see a dire elephant (drained).

Vanquished Creatures
  11 hydras
  A catoblepas (Lair:5)
  Erica (D:9)
  4 death yaks (Lair:5)
  2 skysharks (Lair:5)
  4 bog bodies (Lair:3)
  Pikel (D:4)
  An oklob plant (Lair:2)
  4 elephants (Lair:5)
  5 black mambas
  19 cane toads
  A torpor snail (Lair:2)
  Maggie (Lair:2)
  14 rime drakes
  6 komodo dragons
  2 hornets
  6 polar bears
  23 blink frogs
  Grinder (D:6)
  6 dream sheep
  18 yaks
  A wraith (D:10)
  7 wyverns
  3 basilisks
  15 steam dragons
  A swamp worm (Lair:3)
  2 wargs (D:10)
  An acid dragon (Lair:3)
  17 water moccasins
  2 black bears
  5 orc warriors
  A sky beast (D:8)
  7 centaurs
  12 wolves
  A lemure (D:4)
  3 kobold brigands
  20 bullfrogs
  A gnoll sergeant (D:6)
  5 scorpions (Lair:2)
  5 killer bees (D:8)
  An electric eel (Lair:3)
  5 hounds
  A jelly (D:8)
  7 orc priests
  A gnoll bouda (D:5)
  An iguana (D:4)
  6 orc wizards
  A statue (D:6)
  21 gnolls
  6 adders
  A river rat (D:5)
  A shadow imp (D:7)
  4 white imps
  2 ufetubi (D:6)
  7 worms
  4 dart slugs
  27 orcs
  4 ball pythons
  4 bats
  9 endoplasms
  3 giant cockroaches
  11 goblins
  3 hobgoblins
  6 jackals (D:4)
  3 quokkas
  A frilled lizard (D:1)
  14 kobolds
  9 rats
403 creatures vanquished.

Vanquished Creatures (others)
  An orc priest (D:10)
  An orc (D:10)
2 creatures vanquished.

Grand Total: 405 creatures vanquished

Notes
Turn   | Place    | Note
-------+----------+-------------------------------------------
     0 | D:1      | qw the Gargoyle Fighter began the quest for the Orb.
     0 | D:1      | Reached XP level 1. HP: 14/14 MP: 1/1
     0 | D:1      | 0 ||| qw: Version: 0.3-a-32-g5962c71
     0 | D:1      | 0 ||| qw: Game counter: 7444
     0 | D:1      | 0 ||| qw: Melee chars always use a shield: true
     0 | D:1      | 0 ||| qw: God list: Okawaru
     0 | D:1      | 0 ||| qw: Allow faded altars: false
     0 | D:1      | 0 ||| qw: Do Orc after clearing Dungeon:15 true
     0 | D:1      | 0 ||| qw: Do second Lair branch before Depths: true
     0 | D:1      | 0 ||| qw: Lair rune preference: random
     0 | D:1      | 0 ||| qw: Goals: Normal, Zot:1-4, Slime:5, God:TSO, Crypt,
                  | Tomb, Abyss, Pan, Hells, Win
     0 | D:1      | 0 ||| PLANNING D:1-11
    27 | D:1      | 27 ||| Stepping ~*~*~tactically~*~*~ (stealth).
    31 | D:1      | 31 ||| FLEEEEING.
    42 | D:1      | Reached skill level 2 in Axes
   119 | D:1      | Reached XP level 2. HP: 14/19 MP: 2/2
   134 | D:1      | 134 ||| Stepping ~*~*~tactically~*~*~ (stealth).
   142 | D:1      | 142 ||| Stepping ~*~*~tactically~*~*~ (stealth).
   153 | D:1      | Reached skill level 3 in Axes
   254 | D:1      | Reached XP level 3. HP: 13/23 MP: 3/3
   568 | D:1      | Found a white marble altar of Elyvilon.
   571 | D:1      | 571 ||| READING 4 scrolls labelled FUTU WUUDI.
   572 | D:1      | 572 ||| READING scroll labelled BIMAZO NEEMOPH.
   573 | D:1      | 573 ||| READING 3 scrolls of identify.
   573 | D:1      | 573 ||| IDENTIFYING metallic coppery potion
   574 | D:1      | 574 ||| READING 2 scrolls of identify.
   574 | D:1      | 574 ||| IDENTIFYING bubbling white potion
   575 | D:1      | 575 ||| DROPPING potion of ambrosia.
   634 | D:2      | Identified the +1 robe of the Distant Future {Int+3}
   789 | D:2      | Found a hide-covered altar of Uskayaw.
   807 | D:2      | 807 ||| Stepping ~*~*~tactically~*~*~ (stealth).
   882 | D:2      | Reached XP level 4. HP: 25/28 MP: 4/4
  1094 | D:2      | Found a faded altar of an unknown god.
  1207 | D:2      | 1207 ||| UPGRADING to +0 pair of boots.
  1212 | D:2      | 1212 ||| READING scroll labelled YHITAG WOIVAWYE.
  1213 | D:2      | 1213 ||| READING scroll labelled INWAGU HEGREU.
  1315 | D:3      | Reached skill level 4 in Axes
  1543 | D:3      | 1543 ||| Stepping ~*~*~tactically~*~*~ (hiding).
  1653 | D:3      | 1653 ||| READING scroll labelled MUALEASHRYZ.
  1654 | D:3      | 1654 ||| READING 2 scrolls of identify.
  1654 | D:3      | 1654 ||| IDENTIFYING purple potion
  1780 | D:3      | 1780 ||| UPGRADING to +0 chain mail.
  1810 | D:3      | 1810 ||| DROPPING +0 scale mail.
  1826 | D:3      | 1826 ||| Stepping ~*~*~tactically~*~*~ (hiding).
  1844 | D:3      | 1844 ||| SWAPPING to +0 war axe of draining.
  2001 | D:3      | Found Qaubodwa's Distillery.
  2010 | D:3      | 2010 ||| SHOPLISTING 3 potions of enlightenment (165 gold,
                  | have 162).
  2010 | D:3      | 2010 ||| BUYING potion of curing (33 gold).
  2010 | D:3      | Bought a potion of curing for 33 gold pieces
  2010 | D:3      | 2010 ||| BUYING potion of curing (33 gold).
  2010 | D:3      | Bought a potion of curing for 33 gold pieces
  2010 | D:3      | 2010 ||| BUYING potion of curing (33 gold).
  2010 | D:3      | Bought a potion of curing for 33 gold pieces
  2010 | D:3      | 2010 ||| BUYING potion of heal wounds (55 gold).
  2010 | D:3      | Bought a potion of heal wounds for 55 gold pieces
  2010 | D:3      | 2010 ||| SHOPLISTING potion of lignification (33 gold, have
                  | 8).
  2010 | D:3      | 2010 ||| SHOPLISTING potion of mutation (88 gold, have 8).
  2010 | D:3      | 2010 ||| SHOPLISTING potion of resistance (110 gold, have
                  | 8).
  2329 | D:4      | Noticed a lemure
  2330 | D:4      | Noticed Pikel
  2331 | D:4      | Noticed a lemure
  2332 | D:4      | Noticed a lemure
  2334 | D:4      | Noticed a lemure
  2337 | D:4      | Killed a lemure
  2339 | D:4      | Killed Pikel
  2340 | D:4      | Reached skill level 7 in Axes
  2340 | D:4      | Reached XP level 5. HP: 15/32 MP: 5/5
  2340 | D:4      | Reached XP level 6. HP: 17/37 MP: 6/6
  2340 | D:4      | Reached XP level 7. HP: 19/41 MP: 7/7
  2424 | D:4      | 2424 ||| DROPPING +0 club.
  2501 | D:4      | Found a staircase to the Ecumenical Temple.
  2502 | D:4      | 2502 ||| PLANNING TEMPLE
  2511 | Temple   | Entered the Ecumenical Temple
  2514 | Temple   | 2514 ||| PLANNING OKAWARU WORSHIP
  2744 | Temple   | Became a worshipper of Warmaster Okawaru
  2745 | Temple   | 2745 ||| PLANNING D:1-11
  3345 | D:4      | 3345 ||| READING 3 scrolls of identify.
  3345 | D:4      | 3345 ||| IDENTIFYING lumpy pink potion
  3346 | D:4      | 3346 ||| READING 2 scrolls of identify.
  3346 | D:4      | 3346 ||| IDENTIFYING sedimented amethyst potion
  3366 | D:5      | Entered Level 5 of the Dungeon
  3367 | D:5      | 3367 ||| PLANNING SEWER
  3424 | D:5      | Reached skill level 1 in Dodging
  3665 | D:5      | 3665 ||| Stepping ~*~*~tactically~*~*~ (hiding).
  3832 | D:5      | 3832 ||| Stepping ~*~*~tactically~*~*~ (hiding).
  3862 | D:5      | Reached XP level 8. HP: 37/49 MP: 8/8
  3883 | D:5      | Reached skill level 1 in Throwing
  3930 | D:5      | 3930 ||| DROPPING +1 whip of electrocution.
  3939 | D:5      | Found a glowing drain.
 12719 | D:5      | Fell from the grace of Okawaru
 12720 | D:5      | 12720 ||| RIP SEWER
 12720 | D:5      | 12720 ||| PLANNING OKAWARU WORSHIP
 12817 | Temple   | Became a worshipper of Warmaster Okawaru
 12818 | Temple   | 12818 ||| PLANNING D:1-11
 12895 | D:5      | Noticed a hornet
 12909 | D:5      | Killed a hornet
 12988 | D:5      | Found an ornate altar of the Wu Jian Council.
 13307 | D:5      | 13307 ||| READING scroll labelled SUAJ HAVOXTU.
 13394 | D:6      | 13394 ||| Stepping ~*~*~tactically~*~*~ (hiding).
 13410 | D:6      | Reached skill level 8 in Axes
 13433 | D:6      | 13433 ||| DROPPING +0 mace.
 13449 | D:6      | Found a runed translucent door.
 13449 | D:6      | Found a shimmering altar of Xom.
 13449 | D:6      | Noticed qw's ghost (novice DEHu)
 13450 | D:6      | Noticed a +1 war axe of chaos
 13455 | D:6      | 13455 ||| Stepping ~*~*~tactically~*~*~ (hiding).
 13460 | D:6      | Reached skill level 6 in Fighting
 13724 | D:6      | Reached * piety under Okawaru
 13726 | D:6      | Reached skill level 1 in Invocations
 13781 | D:6      | Noticed Grinder
 13782 | D:6      | 13782 ||| INVOKING Heroism.
 13799 | D:6      | 13799 ||| INVOKING Heroism.
 13804 | D:6      | Reached XP level 9. HP: 41/55 MP: 7/10
 13804 | D:6      | Killed Grinder
 13805 | D:6      | Reached skill level 3 in Invocations
 13896 | D:6      | Found Heasch's Serpentskin Sales.
 13906 | D:6      | 13906 ||| INVOKING Heroism.
 14252 | D:6      | Found a radiant altar of Vehumet.
 14253 | D:6      | 14253 ||| INVOKING Heroism.
 14349 | D:6      | Reached skill level 9 in Axes
 14355 | D:6      | 14355 ||| INVOKING Heroism.
 14469 | D:6      | 14469 ||| UPGRADING to +0 plate armour.
 14479 | D:6      | 14479 ||| DROPPING +0 chain mail.
 14480 | D:6      | 14480 ||| UPGRADING to ring of positive energy.
 14481 | D:6      | 14481 ||| READING 3 scrolls labelled XOSEBLORPHO.
 14482 | D:6      | 14482 ||| READING 3 scrolls of identify.
 14482 | D:6      | 14482 ||| IDENTIFYING red potion
 14483 | D:6      | 14483 ||| READING 2 scrolls of identify.
 14483 | D:6      | 14483 ||| IDENTIFYING bubbling orange potion
 14484 | D:6      | 14484 ||| DROPPING potion of degeneration.
 14485 | D:6      | 14485 ||| DROPPING 2 scrolls of revelation.
 14558 | D:7      | 14558 ||| Stepping ~*~*~tactically~*~*~ (hiding).
 14559 | D:7      | 14559 ||| Stepping ~*~*~tactically~*~*~ (hiding).
 14560 | D:7      | 14560 ||| Stepping ~*~*~tactically~*~*~ (hiding).
 14561 | D:7      | 14561 ||| Stepping ~*~*~tactically~*~*~ (hiding).
 14563 | D:7      | 14563 ||| Stepping ~*~*~tactically~*~*~ (hiding).
 14942 | D:7      | 14942 ||| Stepping ~*~*~tactically~*~*~ (hiding).
 14946 | D:7      | 14946 ||| INVOKING Heroism.
 15015 | D:7      | 15015 ||| DROPPING +0 flail.
 15406 | D:7      | 15406 ||| READING scroll labelled JUATE POCS.
 15407 | D:7      | 15407 ||| READING 3 scrolls labelled OTHEICK ICWI.
 15408 | D:7      | 15408 ||| READING 2 scrolls of enchant armour.
 15408 | D:7      | 15408 ||| ENCHANTING +0 pair of boots.
 15409 | D:7      | 15409 ||| READING scroll of enchant armour.
 15409 | D:7      | 15409 ||| ENCHANTING +1 pair of boots.
 15410 | D:7      | 15410 ||| READING scroll labelled SUXTUNEJOH.
 15463 | D:8      | 15463 ||| INVOKING Heroism.
 15471 | D:8      | 15471 ||| Stepping ~*~*~tactically~*~*~ (hiding).
 15482 | D:8      | 15482 ||| Stepping ~*~*~tactically~*~*~ (hiding).
 15490 | D:8      | Reached skill level 6 in Armour
 15528 | D:8      | 15528 ||| Stepping ~*~*~tactically~*~*~ (stealth).
 15662 | D:8      | Reached XP level 10. HP: 63/63 MP: 13/13
 15688 | D:8      | Found Jibber's Jewellery Emporium.
 15691 | D:8      | 15691 ||| SHOPLISTING amulet of regeneration (330 gold,
                  | have 319).
 15691 | D:8      | 15691 ||| SHOPLISTING amulet of the acrobat (330 gold, have
                  | 319).
 15691 | D:8      | 15691 ||| BUYING ring of fire (275 gold).
 15691 | D:8      | Bought a ring of fire for 275 gold pieces
 15691 | D:8      | 15691 ||| SHOPLISTING ring of positive energy (220 gold,
                  | have 44).
 15691 | D:8      | 15691 ||| SHOPLISTING ring of protection from cold (275
                  | gold, have 44).
 15794 | D:8      | Found a broken altar of Ashenzari.
 15794 | D:8      | Found a white marble altar of Elyvilon.
 15800 | D:8      | Found a sparkling altar of Nemelex Xobeh.
 15806 | D:8      | Found a basalt altar of Yredelemnul.
 15808 | D:8      | Found a snail-covered altar of Cheibriados.
 15813 | D:8      | Found a shadowy altar of Dithmenos.
 16127 | D:8      | Reached ** piety under Okawaru
 16128 | D:8      | Reached skill level 10 in Axes
 16158 | D:8      | Found Acke Kewai's Jewellery Emporium.
 16165 | D:8      | 16165 ||| SHOPLISTING amulet of faith (560 gold, have 95).
 16165 | D:8      | 16165 ||| SHOPLISTING amulet of regeneration (420 gold,
                  | have 95).
 16165 | D:8      | 16165 ||| SHOPLISTING ring of protection from cold (350
                  | gold, have 95).
 16165 | D:8      | 16165 ||| SHOPLISTING ring of protection from fire (350
                  | gold, have 95).
 16165 | D:8      | 16165 ||| SHOPLISTING ring of see invisible (210 gold, have
                  | 95).
 16235 | D:8      | 16235 ||| INVOKING Heroism.
 16388 | D:8      | 16388 ||| UPGRADING to +0 pair of gloves.
 16393 | D:8      | 16393 ||| DROPPING scarf of shadows.
 16394 | D:8      | 16394 ||| UPGRADING to +0 helmet.
 16399 | D:8      | 16399 ||| READING 2 scrolls labelled QUEJUM ERCHEAX.
 16400 | D:8      | 16400 ||| READING scroll labelled BUISIM OBRUB.
 16440 | D:8      | 16440 ||| DROPPING scroll of noise.
 16696 | D:8      | 16696 ||| Stepping ~*~*~tactically~*~*~ (hiding).
 16910 | D:9      | 16910 ||| INVOKING Heroism.
 16966 | D:9      | Noticed Erica
 16967 | D:9      | 16967 ||| INVOKING Heroism.
 16974 | D:9      | Killed Erica
 17066 | D:9      | 17066 ||| INVOKING Heroism.
 17094 | D:9      | 17094 ||| INVOKING Heroism.
 17237 | D:9      | 17237 ||| Stepping ~*~*~tactically~*~*~ (hiding).
 17374 | D:9      | 17374 ||| Stepping ~*~*~tactically~*~*~ (hiding).
 17375 | D:9      | 17375 ||| Stepping ~*~*~tactically~*~*~ (hiding).
 17383 | D:9      | 17383 ||| Stepping ~*~*~tactically~*~*~ (hiding).
 17385 | D:9      | 17385 ||| Stepping ~*~*~tactically~*~*~ (hiding).
 17619 | D:9      | 17619 ||| UPGRADING to ring of positive energy.
 17620 | D:9      | 17620 ||| READING 6 scrolls of identify.
 17620 | D:9      | 17620 ||| IDENTIFYING fizzy pink potion
 17628 | D:10     | Entered Level 10 of the Dungeon
 17781 | D:10     | 17781 ||| FLEEEEING.
 17782 | D:10     | 17782 ||| FLEEEEING.
 17783 | D:10     | 17783 ||| FLEEEEING.
 17784 | D:10     | 17784 ||| FLEEEEING.
 17785 | D:10     | 17785 ||| FLEEEEING.
 17786 | D:10     | 17786 ||| FLEEEEING.
 17787 | D:10     | 17787 ||| FLEEEEING.
 17788 | D:10     | 17788 ||| FLEEEEING.
 17789 | D:10     | 17789 ||| FLEEEEING.
 17790 | D:10     | 17790 ||| FLEEEEING.
 17791 | D:10     | 17791 ||| FLEEEEING.
 17792 | D:10     | 17792 ||| FLEEEEING.
 17793 | D:10     | 17793 ||| FLEEEEING.
 17795 | D:10     | 17795 ||| FLEEEEING.
 17796 | D:10     | 17796 ||| FLEEEEING.
 17797 | D:10     | 17797 ||| FLEEEEING.
 17798 | D:10     | 17798 ||| STAIRDANCE
 17888 | D:10     | 17888 ||| INVOKING Heroism.
 17893 | D:10     | Found a staircase to the Lair.
 17908 | D:10     | HP: 16/64 [orc priest/divine providence (12)]
 17909 | D:10     | 17909 ||| READING scroll of teleportation.
 17909 | D:10     | HP: 3/64 [steam dragon/ball of steam (13)]
 17910 | D:10     | 17910 ||| DRINKING 3 potions of heal wounds.
 17912 | D:10     | 17912 ||| DRINKING 2 potions of heal wounds.
 18053 | D:10     | Found a staircase to the Orcish Mines.
 18111 | D:10     | 18111 ||| INVOKING Heroism.
 18193 | D:10     | 18193 ||| Stepping ~*~*~tactically~*~*~ (hiding).
 18197 | D:10     | 18197 ||| INVOKING Heroism.
 18262 | D:10     | 18262 ||| Stepping ~*~*~tactically~*~*~ (stealth).
 18288 | D:10     | Reached skill level 11 in Axes
 18298 | D:10     | 18298 ||| INVOKING Heroism.
 18301 | D:10     | Found Marych's Antique Weapon Shoppe.
 18417 | D:10     | 18417 ||| BUYING morningstar (124 gold).
 18417 | D:10     | Bought a morningstar for 124 gold pieces
 18417 | D:10     | 18417 ||| SHOPLISTING runed war axe (201 gold, have 129).
 18417 | D:10     | 18417 ||| DROPPING +0 flail of protection.
 18520 | D:10     | 18520 ||| Stepping ~*~*~tactically~*~*~ (hiding).
 18627 | D:10     | 18627 ||| Stepping ~*~*~tactically~*~*~ (stealth).
 18628 | D:10     | 18628 ||| Stepping ~*~*~tactically~*~*~ (stealth).
 18632 | D:10     | 18632 ||| Stepping ~*~*~tactically~*~*~ (hiding).
 18633 | D:10     | 18633 ||| Stepping ~*~*~tactically~*~*~ (hiding).
 18658 | D:10     | Reached XP level 11. HP: 65/68 MP: 14/14
 18722 | D:10     | 18722 ||| PLANNING LAIR
 18722 | D:10     | 18722 ||| UPGRADING to amulet of reflection.
 18766 | Lair:1   | Entered Level 1 of the Lair of Beasts
 18795 | Lair:1   | Reached *** piety under Okawaru
 18796 | Lair:1   | Reached skill level 9 in Fighting
 18885 | Lair:1   | 18885 ||| INVOKING Heroism.
 18936 | Lair:1   | 18936 ||| INVOKING Heroism.
 18965 | Lair:1   | 18965 ||| INVOKING Heroism.
 19053 | Lair:1   | Found a runed translucent gate.
 19054 | Lair:1   | Found a runed translucent gate.
 19055 | Lair:1   | Found a runed translucent gate.
 19056 | Lair:1   | Noticed qw's ghost (journeyman GrFi)
 19060 | Lair:1   | Noticed qw's ghost (journeyman GrFi)
 19060 | Lair:1   | Noticed qw's ghost (journeyman DEHu)
 19060 | Lair:1   | Noticed qw's ghost (journeyman GrFi)
 19078 | Lair:1   | 19078 ||| INVOKING Heroism.
 19146 | Lair:1   | 19146 ||| INVOKING Heroism.
 19154 | Lair:1   | Reached skill level 12 in Axes
 19181 | Lair:1   | 19181 ||| INVOKING Heroism.
 19297 | Lair:1   | 19297 ||| INVOKING Heroism.
 19382 | Lair:1   | 19382 ||| INVOKING Heroism.
 19387 | Lair:1   | 19387 ||| Stepping ~*~*~tactically~*~*~ (stealth).
 19393 | Lair:1   | Reached skill level 9 in Armour
 19435 | Lair:1   | Reached skill level 6 in Shields
 19435 | Lair:1   | Reached **** piety under Okawaru
 19740 | Lair:1   | 19740 ||| INVOKING Heroism.
 19907 | Lair:1   | 19907 ||| READING 6 scrolls of identify.
 19907 | Lair:1   | 19907 ||| IDENTIFYING black potion
 19908 | Lair:1   | 19908 ||| DROPPING potion of brilliance.
 19928 | Lair:2   | 19928 ||| INVOKING Heroism.
 20222 | Lair:2   | Noticed a six-headed hydra
 20223 | Lair:2   | 20223 ||| INVOKING Heroism.
 20227 | Lair:2   | 20227 ||| SWAPPING to +0 morningstar.
 20237 | Lair:2   | 20237 ||| INVOKING Heroism.
 20239 | Lair:2   | Killed a six-headed hydra
 20240 | Lair:2   | Reached XP level 12. HP: 47/77 MP: 12/15
 20240 | Lair:2   | 20240 ||| SWAPPING to +0 war axe of draining.
 20248 | Lair:2   | Noticed a seven-headed hydra
 20253 | Lair:2   | Killed a seven-headed hydra
 20381 | Lair:2   | Identified the +0 pair of boots of Cowardice {-Cast Rampage
                  | rPois Str-4}
 20396 | Lair:2   | Found a hole to the Spider Nest.
 20402 | Lair:2   | 20402 ||| INVOKING Heroism.
 20549 | Lair:2   | Noticed Maggie
 20554 | Lair:2   | Found a blossoming altar of Fedhas.
 20560 | Lair:2   | 20560 ||| FLEEEEING.
 20561 | Lair:2   | 20561 ||| FLEEEEING.
 20563 | Lair:2   | 20563 ||| FLEEEEING.
 20768 | Lair:2   | 20768 ||| INVOKING Heroism.
 20770 | Lair:2   | HP: 19/77 [Maggie] (1)]
 20771 | Lair:2   | 20771 ||| READING scroll of teleportation.
 20772 | Lair:2   | 20772 ||| DRINKING 2 potions of heal wounds.
 20916 | Lair:2   | 20916 ||| INVOKING Heroism.
 20928 | Lair:2   | Killed Maggie
 20929 | Lair:2   | 20929 ||| Stepping ~*~*~tactically~*~*~ (cloud).
 21092 | Lair:2   | 21092 ||| INVOKING Heroism.
 21113 | Lair:2   | 21113 ||| INVOKING Heroism.
 21149 | Lair:2   | 21149 ||| INVOKING Heroism.
 21169 | Lair:2   | 21169 ||| INVOKING Heroism.
 21178 | Lair:2   | 21178 ||| DRINKING 2 potions of cancellation.
 21376 | Lair:2   | Noticed a seven-headed hydra
 21377 | Lair:2   | 21377 ||| INVOKING Heroism.
 21382 | Lair:2   | 21382 ||| SWAPPING to +0 morningstar.
 21388 | Lair:2   | Killed a seven-headed hydra
 21389 | Lair:2   | Reached skill level 13 in Axes
 21389 | Lair:2   | 21389 ||| SWAPPING to +0 war axe of draining.
 21451 | Lair:2   | 21451 ||| Stepping ~*~*~tactically~*~*~ (stealth).
 21456 | Lair:2   | 21456 ||| INVOKING Heroism.
 21572 | Lair:2   | 21572 ||| DROPPING +0 pair of boots of Cowardice {-Cast
                  | Rampage rPois Str-4}.
 21573 | Lair:2   | 21573 ||| READING 5 scrolls of identify.
 21573 | Lair:2   | 21573 ||| IDENTIFYING amethyst potion
 21732 | Lair:3   | 21732 ||| INVOKING Heroism.
 21823 | Lair:3   | 21823 ||| Stepping ~*~*~tactically~*~*~ (stealth).
 21824 | Lair:3   | 21824 ||| INVOKING Heroism.
 21825 | Lair:3   | 21825 ||| Stepping ~*~*~tactically~*~*~ (stealth).
 21841 | Lair:3   | 21841 ||| Stepping ~*~*~tactically~*~*~ (hiding).
 21844 | Lair:3   | 21844 ||| Stepping ~*~*~tactically~*~*~ (hiding).
 21848 | Lair:3   | 21848 ||| INVOKING Heroism.
 21997 | Lair:3   | 21997 ||| INVOKING Heroism.
 22336 | Lair:3   | Reached skill level 3 in Throwing
 22340 | Lair:3   | 22340 ||| INVOKING Heroism.
 22443 | Lair:3   | Found a staircase to the Swamp.
 22448 | Lair:3   | 22448 ||| INVOKING Heroism.
 22493 | Lair:3   | 22493 ||| INVOKING Heroism.
 22542 | Lair:3   | 22542 ||| INVOKING Heroism.
 22859 | Lair:3   | 22859 ||| Stepping ~*~*~tactically~*~*~ (hiding).
 22869 | Lair:3   | 22869 ||| Stepping ~*~*~tactically~*~*~ (hiding).
 22871 | Lair:3   | 22871 ||| INVOKING Heroism.
 22874 | Lair:3   | 22874 ||| Stepping ~*~*~tactically~*~*~ (cloud).
 22909 | Lair:3   | Received a gift from Okawaru
 22913 | Lair:3   | 22913 ||| INVOKING Heroism.
 22920 | Lair:3   | Reached XP level 13. HP: 50/82 MP: 14/17
 22934 | Lair:3   | HP: 18/82 [rime drake/icy flash freeze (16)]
 22935 | Lair:3   | 22935 ||| DRINKING potion of heal wounds.
 22985 | Lair:3   | 22985 ||| FLEEEEING.
 23071 | Lair:3   | 23071 ||| Stepping ~*~*~tactically~*~*~ (hiding).
 23077 | Lair:3   | 23077 ||| INVOKING Heroism.
 23082 | Lair:3   | Received a gift from Okawaru
 23083 | Lair:3   | Reached skill level 14 in Axes
 23089 | Lair:3   | 23089 ||| Stepping ~*~*~tactically~*~*~ (stealth).
 23179 | Lair:3   | 23179 ||| Stepping ~*~*~tactically~*~*~ (stealth).
 23185 | Lair:3   | 23185 ||| Stepping ~*~*~tactically~*~*~ (hiding).
 23196 | Lair:3   | 23196 ||| INVOKING Heroism.
 23212 | Lair:3   | 23212 ||| Stepping ~*~*~tactically~*~*~ (cloud).
 23326 | Lair:3   | 23326 ||| Stepping ~*~*~tactically~*~*~ (hiding).
 23327 | Lair:3   | 23327 ||| Stepping ~*~*~tactically~*~*~ (hiding).
 23328 | Lair:3   | 23328 ||| Stepping ~*~*~tactically~*~*~ (hiding).
 23361 | Lair:3   | 23361 ||| Stepping ~*~*~tactically~*~*~ (stealth).
 23363 | Lair:3   | 23363 ||| Stepping ~*~*~tactically~*~*~ (hiding).
 23366 | Lair:3   | 23366 ||| INVOKING Heroism.
 23412 | Lair:3   | Identified the amulet of the Zealous Sultana {Faith Will+}
 23443 | Lair:3   | 23443 ||| UPGRADING to amulet of the Zealous Sultana {Faith
                  | Will+}.
 23453 | Lair:3   | 23453 ||| DRINKING 2 blue potions.
 23558 | Lair:3   | 23558 ||| DROPPING potion of berserk rage.
 23649 | Lair:4   | 23649 ||| Stepping ~*~*~tactically~*~*~ (stealth).
 23660 | Lair:4   | 23660 ||| INVOKING Heroism.
 23873 | Lair:4   | 23873 ||| INVOKING Heroism.
 23874 | Lair:4   | 23874 ||| Stepping ~*~*~tactically~*~*~ (stealth).
 23875 | Lair:4   | 23875 ||| SWAPPING to +0 morningstar.
 23886 | Lair:4   | 23886 ||| SWAPPING to +0 war axe of draining.
 23888 | Lair:4   | 23888 ||| Stepping ~*~*~tactically~*~*~ (stealth).
 23889 | Lair:4   | 23889 ||| Stepping ~*~*~tactically~*~*~ (stealth).
 23900 | Lair:4   | 23900 ||| Stepping ~*~*~tactically~*~*~ (stealth).
 23902 | Lair:4   | 23902 ||| INVOKING Heroism.
 23970 | Lair:4   | 23970 ||| Stepping ~*~*~tactically~*~*~ (stealth).
 23971 | Lair:4   | 23971 ||| Stepping ~*~*~tactically~*~*~ (stealth).
 23973 | Lair:4   | 23973 ||| Stepping ~*~*~tactically~*~*~ (stealth).
 23981 | Lair:4   | Reached skill level 6 in Invocations
 24015 | Lair:4   | 24015 ||| Stepping ~*~*~tactically~*~*~ (stealth).
 24019 | Lair:4   | 24019 ||| Stepping ~*~*~tactically~*~*~ (stealth).
 24020 | Lair:4   | 24020 ||| Stepping ~*~*~tactically~*~*~ (stealth).
 24021 | Lair:4   | 24021 ||| Stepping ~*~*~tactically~*~*~ (stealth).
 24036 | Lair:4   | 24036 ||| INVOKING Heroism.
 24076 | Lair:4   | Reached ***** piety under Okawaru
 24077 | Lair:4   | Reached skill level 6 in Throwing
 24087 | Lair:4   | 24087 ||| FLEEEEING.
 24220 | Lair:4   | 24220 ||| INVOKING Heroism.
 24331 | Lair:4   | 24331 ||| INVOKING Heroism.
 24344 | Lair:4   | 24344 ||| Stepping ~*~*~tactically~*~*~ (stealth).
 24346 | Lair:4   | 24346 ||| INVOKING Finesse.
 24370 | Lair:4   | 24370 ||| INVOKING Heroism.
 24492 | Lair:4   | 24492 ||| INVOKING Heroism.
 24496 | Lair:4   | Received a gift from Okawaru
 24843 | Lair:4   | 24843 ||| READING scroll of enchant armour.
 24843 | Lair:4   | 24843 ||| ENCHANTING +0 pair of gloves.
 25153 | Lair:4   | 25153 ||| DROPPING +1 pair of gloves.
 25169 | Lair:5   | Entered Level 5 of the Lair of Beasts
 25253 | Lair:5   | Found a viscous altar of Jiyva.
 25253 | Lair:5   | Found a staircase to the Slime Pits.
 25363 | Lair:5   | 25363 ||| INVOKING Heroism.
 25364 | Lair:5   | 25364 ||| INVOKING Finesse.
 25387 | Lair:5   | 25387 ||| SWAPPING to +0 morningstar.
 25403 | Lair:5   | Received a gift from Okawaru
 25404 | Lair:5   | 25404 ||| SWAPPING to +0 war axe of draining.
 25549 | Lair:5   | 25549 ||| INVOKING Heroism.
 25575 | Lair:5   | 25575 ||| Stepping ~*~*~tactically~*~*~ (stealth).
 25584 | Lair:5   | 25584 ||| INVOKING Heroism.
 25596 | Lair:5   | Reached skill level 9 in Invocations
 25597 | Lair:5   | Gained mutation: Your large and strong wings let you fly.
                  | [Gargoyle growth]
 25597 | Lair:5   | Reached XP level 14. HP: 67/90 MP: 18/20
 25601 | Lair:5   | Received a gift from Okawaru
 25767 | Lair:5   | 25767 ||| INVOKING Heroism.
 25773 | Lair:5   | 25773 ||| SWAPPING to +0 morningstar.
 25788 | Lair:5   | HP: 22/90 [six-headed hydra (2)]
 25793 | Lair:5   | 25793 ||| SWAPPING to +0 war axe of draining.
 25803 | Lair:5   | 25803 ||| INVOKING Heroism.
 25808 | Lair:5   | 25808 ||| Stepping ~*~*~tactically~*~*~ (stealth).
 25817 | Lair:5   | 25817 ||| SWAPPING to +0 morningstar.
 25820 | Lair:5   | 25820 ||| SWAPPING to +0 war axe of draining.
 26033 | Lair:5   | 26033 ||| Stepping ~*~*~tactically~*~*~ (stealth).
 26040 | Lair:5   | 26040 ||| Stepping ~*~*~tactically~*~*~ (stealth).
 26050 | Lair:5   | Reached skill level 15 in Axes
 26076 | Lair:5   | 26076 ||| Stepping ~*~*~tactically~*~*~ (stealth).
 26116 | Lair:5   | 26116 ||| INVOKING Heroism.
 26117 | Lair:5   | 26117 ||| INVOKING Finesse.
 26127 | Lair:5   | 26127 ||| SWAPPING to +0 morningstar.
 26138 | Lair:5   | 26138 ||| SWAPPING to +0 war axe of draining.
 26335 | Lair:5   | 26335 ||| INVOKING Heroism.
 26421 | Lair:5   | 26421 ||| INVOKING Heroism.
 26422 | Lair:5   | 26422 ||| INVOKING Finesse.
 26426 | Lair:5   | 26426 ||| SWAPPING to +0 morningstar.
 26429 | Lair:5   | 26429 ||| SWAPPING to +0 war axe of draining.
 26524 | Lair:5   | 26524 ||| INVOKING Heroism.
 26538 | Lair:5   | 26538 ||| Stepping ~*~*~tactically~*~*~ (stealth).
 26558 | Lair:5   | 26558 ||| Stepping ~*~*~tactically~*~*~ (stealth).
 26559 | Lair:5   | 26559 ||| Stepping ~*~*~tactically~*~*~ (stealth).
 26561 | Lair:5   | 26561 ||| Stepping ~*~*~tactically~*~*~ (stealth).
 26562 | Lair:5   | 26562 ||| Stepping ~*~*~tactically~*~*~ (stealth).
 26569 | Lair:5   | 26569 ||| INVOKING Heroism.
 26611 | Lair:5   | 26611 ||| INVOKING Heroism.
 26622 | Lair:5   | Received a gift from Okawaru
 26629 | Lair:5   | Noticed a dire elephant
 26637 | Lair:5   | Received a gift from Okawaru
 26637 | Lair:5   | HP: 17/90 [death yak (11)]
 26641 | Lair:5   | HP: 4/91 [dire elephant (14)]
 26648 | Lair:5   | Mangled by a dire elephant

Levels and vault maps discovered:
D:1:      dpeg_arrival_water_altar, layout_rooms
D:2:      layout_basic, basic_altar, shapermc_ecumenical_altar_pompeii,
          hangedman_abyss_or_decor_lesser_grid, chequers_serial_rivers_small_b
D:3:      layout_loops_ring, serial_shops, shop, serial_co_window_serial,
          co_window_paths_a, co_window_paths_a, co_window_paths_b,
          co_window_of_opportunity_a, co_window_corner_a, co_window_corner_a,
          co_window_of_opportunity_a, co_window_of_opportunity_a,
          co_window_corner_a, co_window_unsneaky_path_e,
          co_window_unsneaky_path_a, co_window_of_opportunity_c,
          co_window_unsneaky_path_b, glass_columns_a, glass_columns_a,
          glass_columns_b, glass_columns_a
D:4:      layout_gridville, minmay_temple_entry_large_hall, minivault_4,
          minmay_misc_feat_hallway, uniq_pikel
D:5:      layout_loops_corners, nzn_wu_jian_council_hall,
          cheibrodos_sewer_entry_sluice
D:6:      layout_loops_ring, vehumet_statue, ebering_ghost_xom,
          nrook_mini_vaults, grunt_ministairs_11, minmay_misc_feat_tiny,
          kennysheep_path_1, minmay_misc_feat_roman, guppyfry_shop_venom,
          uniq_grinder
D:7:      layout_loops_corners
D:8:      layout_basic, nicolae_overflow_hallway_of_the_gods, serial_shops,
          nicolae_shop_behind_doors, nicolae_shop_rolling_square,
          minmay_increasing_density
D:9:      layout_irregular_city, uniq_erica
D:10:     layout_roguey, erik_lair_orcish_takeover, orc_0_dummy, serial_shops,
          nicolae_stop_n_shop_1
Temple:   eino_temple_water
Lair:1:   layout_concentric_octagons, gammafunk_ghost_cemetery,
          grunt_megastairs_4, lemuel_fruit_fields, infiniplex_staircase_pool_2
Lair:2:   layout_chaotic_city, nicolae_spider_entry_non_spiders, tgw_fedhas,
          uniq_maggie
Lair:3:   layout_loops_ring, nicolae_swamp_entry_splash_gauntlet,
          bobbens_dragon_lair_wall
Lair:4:   nzn_winding_woodlands_medium [nzn_winding_woodlands_5x5_open_star,
          nzn_winding_woodlands_5x15_sawtooth, nzn_winding_woodlands_5x5_cross,
          nzn_winding_woodlands_5x5_closed_star,
          nzn_winding_woodlands_center_garden, nzn_winding_woodlands_hourglass,
          nzn_winding_woodlands_5x5_checkerboard,
          nzn_winding_woodlands_5x15_zeroes, nzn_winding_woodlands_5x5_three],
          layout_small_grid, beast_lair_carwin_11
Lair:5:   grunt_lair_end_beastmaster, layout_regular_city, slime_entry_1,
          st_stairs_5, minivault_27

Skill      XL: |  1  2  3  4  5  6  7  8  9 10 11 12 13 14 |
---------------+-------------------------------------------+-----
Axes           | 2 3 7 8 9 11 12 13 14 15 | 15.0
Fighting       | 5 6 7 8 10 11 | 11.9
Dodging        | 1 2 |  2.4
Throwing       | 1 5 6 |  6.0
Armour         | 4 6 8 9 10 11 | 11.0
Invocations    | 2 4 5 9 10 | 10.0
Shields        | 4 5 6 7 |  7.0

Action                     |  1- 3 |  4- 6 |  7- 9 | 10-12 | 13-15 || total
---------------------------+-------+-------+-------+-------+-------++-------
  Melee: War axe           |    83 |    72 |   276 |   645 |   342 ||  1418
         Morningstar       |       |       |       |    17 |    56 ||    73
  Throw: Boomerang         |       |    17 |    51 |   137 |    65 ||   270
         Javelin           |       |       |       |     1 |    74 ||    75
 Invoke: Heroism           |       |       |     7 |    40 |    22 ||    69
         Finesse           |       |       |       |       |     4 ||     4
    Use: Scroll            |     4 |     4 |    11 |     7 |     1 ||    27
         Potion            |       |       |       |     4 |     2 ||     6
   Stab: Distracted        |       |       |       |     1 |       ||     1
 Armour: Scale mail        |    37 |    31 |       |       |       ||    68
         Chain mail        |       |     6 |   107 |       |       ||   113
         Skin              |       |     1 |       |       |       ||     1
         Plate armour      |       |       |    60 |   407 |   291 ||   758
  Dodge: Dodged            |    21 |    37 |   110 |   183 |   140 ||   491
  Block: Buckler           |    10 |    19 |    68 |   207 |   112 ||   416
         Reflection        |       |       |       |     2 |       ||     2

Table legend:
 A = Non-vault XP
 B = Vault XP
 C = Vault XP percentage of total XP
 D = Non-vault monster count
 E = Vault monster count
 F = Vault count percentage of total count
                 A         B        C        D         E       F
            +---------+---------+-------+---------+---------+-------
      Total |   37992 |   31453 |  45.3 |     284 |     119 |  29.5
            +---------+---------+-------+---------+---------+-------
        D:1 |      45 |       0 |   0.0 |      17 |       0 |   0.0
        D:2 |      49 |       0 |   0.0 |      18 |       0 |   0.0
        D:3 |      60 |       0 |   0.0 |      22 |       0 |   0.0
        D:4 |     106 |     629 |  85.6 |      16 |       1 |   5.9
        D:5 |     669 |      23 |   3.3 |      17 |       3 |  15.0
        D:6 |     862 |     848 |  49.6 |      21 |      10 |  32.3
        D:7 |     477 |       0 |   0.0 |      14 |       0 |   0.0
        D:8 |     870 |     588 |  40.3 |      20 |       6 |  23.1
        D:9 |    1132 |     836 |  42.5 |      14 |       1 |   6.7
       D:10 |    1447 |     600 |  29.3 |      20 |       8 |  28.6
     Lair:1 |    6324 |     872 |  12.1 |      31 |       4 |  11.4
     Lair:2 |    4469 |    1738 |  28.0 |      12 |      10 |  45.5
     Lair:3 |    3863 |    8764 |  69.4 |      13 |      28 |  68.3
     Lair:4 |    7384 |    8023 |  52.1 |      22 |      33 |  60.0
     Lair:5 |   10235 |    8532 |  45.5 |      27 |      15 |  35.7
            +---------+---------+-------+---------+---------+-------
